 Dungeon Crawl Stone Soup version 0.25.0-1-g7eea58d2a3 (webtiles) character file.

Game seed: 485406899208476714

73348 hunmd123 the Warrior (level 15, -7/157 HPs)
             Began as a Naga Fighter on June 13, 2020.
             Was a High Priest of Ru.
             Killed from afar by an ice dragon (61 damage)
             ... with a blast of cold
             ... on level 6 of the Lair of Beasts.
             The game lasted 01:14:35 (26464 turns).

hunmd123 the Warrior (Naga Fighter)                Turns: 26464, Time: 01:14:36

Health: -7/157     AC: 22    Str: 24    XL:     15   Next: 43%
Magic:  20/20      EV:  6    Int:  8    God:    Ru [*****.]
Gold:   1730       SH: 19    Dex: 16    Spells: 14/14 levels left

rFire    + . .     SeeInvis +   f - +0 scimitar (elec)
rCold    x . .     Gourm    .   c - +1 kite shield
rNeg     . . .     Faith    .   v - +3 chain mail {rF+}
rPois    +         Spirit   .   m - +0 helmet
rElec    .         Reflect  +   p - +2 cloak {rF+}
rCorr    +         Harm     .   G - +2 pair of gloves
MR       +....                  (no barding)
Stlth    ..........             I - amulet of reflection
HPRegen  0.36/turn              H - ring of resist corrosion
MPRegen  0.17/turn              n - +6 ring of dexterity

@: studying Necromancy, very slow
A: large, see invisible, deformed body, dopey 1, poison resistance, slowness 2,
slow metabolism 1, spit poison 1, no hexes magic, no ice magic, no summoning
magic, disrupted magic 1, constrict 1, temperature sensitive, AC +5
a: Spit Poison, Draw Out Power, Power Leap, Apocalypse, Renounce Religion


You were on level 6 of the Lair of Beasts.
You worshipped Ru.
Ru was extremely pleased with you.
You were hungry.

You visited 4 branches of the dungeon, and saw 21 of its levels.
You also visited: Volcano.

You collected 1946 gold pieces.
You spent 216 gold pieces at shops.

Inventory:

Hand Weapons
 d - the +1 flail "Ucaf" {flame, rF+ MR+ Stlth+}
   (You found it on level 2 of the Orcish Mines)

   It has been specially enchanted to burn those struck by it, causing extra
   injury to most foes and up to half again as much damage against particularly
   susceptible opponents.
   It protects you from fire.
   It affects your resistance to hostile enchantments.
   It makes you more stealthy.
 f - a +0 scimitar of electrocution (weapon)
 S - a +0 broad axe
 W - a +3 hand axe of flaming
 Z - the +8 falchion of Defilement {vorpal, rPois Str+2}
   (You found it on level 4 of the Lair of Beasts)

   It inflicts extra damage upon your enemies.
   It affects your strength (+2).
   It protects you from poison.
Armour
 c - a +1 kite shield (worn)
 m - a +0 helmet (worn)
 p - a +2 cloak of fire resistance (worn)
 q - a +0 tower shield
 u - a scarf of repulsion
 v - a +3 chain mail of fire resistance (worn)
 G - a +2 pair of gloves (worn)
Jewellery
 n - a +6 ring of dexterity (right hand)
 H - a ring of resist corrosion (left hand)
 I - an amulet of reflection (around neck)
 N - an uncursed ring of stealth
 O - an uncursed amulet of magic regeneration
Wands
 J - a wand of digging (5)
 L - a wand of disintegration (12)
 M - a wand of iceblast (2)
 V - a wand of acid (3)
Scrolls
 a - a scroll of immolation
 e - 3 scrolls of enchant weapon
 g - 8 scrolls of remove curse
 h - 4 scrolls of enchant armour
 k - 2 scrolls of random uselessness
 l - a scroll of magic mapping
 o - 2 scrolls of blinking
 r - 4 scrolls of amnesia
 t - a scroll of vulnerability {unknown}
 y - 5 scrolls of teleportation
 z - 11 scrolls of identify
 E - a scroll of silence {unknown}
 K - 2 scrolls of fog {unknown}
 T - 3 scrolls of fear
Potions
 b - 5 potions of brilliance {unknown}
 i - 3 potions of curing
 j - a potion of mutation {unknown}
 s - a potion of resistance {unknown}
 w - 2 potions of lignification
 x - a potion of stabbing {unknown}
 B - 2 potions of might
 D - a potion of invisibility {unknown}
 P - 2 potions of haste
 Q - 2 potions of degeneration {unknown}
 R - 2 potions of magic {unknown}
 U - a potion of ambrosia
 X - 2 potions of flight {unknown}
Books
 C - a manual of Necromancy
Comestibles
 A - 6 rations
 F - 7 chunks of flesh


   Skills:
 - Level 16.0 Fighting
   Level 4.5(6.6) Short Blades
 - Level 7.4(8.0) Long Blades
 - Level 2.0(6.2) Axes
 - Level 9.4(10.2) Maces & Flails
   Level 6.0(8.5) Staves
 - Level 6.3 Armour
 - Level 4.2 Stealth
 * Level 11.2 Shields
 - Level 6.7 Evocations


You had 14 spell levels left.
You didn't know any spells.
Your spell library contained the following spells:

 Spells                   Type           Power        Failure   Level  Hunger
 Beastly Appendage        Tmut           #.....       97%         1    ##.....
 Sting                    Tmut/Pois      #...         97%         1    ##.....
 Blink                    Tloc           N/A          99%         2    ###....
 Poisonous Vapours        Pois/Air       #.....       99%         2    ###....
 Shroud of Golubria       Chrm/Tloc      #.....       99%         2    ###....
 Sticks to Snakes         Tmut           #.......     99%         2    ###....
 Gell's Gravitas          Tloc           #.........   100%        3    ####...
 Ignite Poison            Fire/Tmut/Pois #.......     100%        3    ####...
 Lesser Beckoning         Tloc           #.........   100%        3    ####...
 Mephitic Cloud           Conj/Pois/Air  #.......     100%        3    ####...
 Spider Form              Tmut/Pois      #.........   100%        3    ####...
 Teleport Other           Tloc           #.......     100%        3    ####...
 Olgreb's Toxic Radiance  Pois           #.......     100%        4    #####..
 Passage of Golubria      Tloc           N/A          100%        4    #####..
 Blade Hands              Tmut           #.........   100%        5    ######.
 Ice Form                 Ice/Tmut       Unusable     N/A         4    N/A

Dungeon Overview and Level Annotations

Branches:
Dungeon (12/15)            Temple (1/1) D:4            Lair (6/6) D:8
  Swamp (0/4) Lair:4       Spider (0/4) Lair:3        Slime (0/5) Lair:6
    Orc (2/2) D:10            Elf (0/3) Orc:2       Volcano (visited)

Altars:
Ashenzari
Cheibriados
Dithmenos
Elyvilon
Fedhas
Gozag
Hepliaklqana
Kikubaaqudgha
Makhleb
Nemelex Xobeh
Okawaru
Qazlal
Ru
Sif Muna
Trog
Uskayaw
Vehumet
Wu Jian
Xom
Yredelemnul
Zin
The Shining One
Beogh

Shops:
D:8 %   Orc:2 [(:(

Portals:
Ice
Cave: Lair:6


Innate Abilities, Weirdness & Mutations

You cannot wear boots.
Your serpentine skin is tough. (AC +5)
You have supernaturally acute eyesight. (SInv)
Armour fits poorly on your strangely shaped body.
You are dopey. (Int -2)
Your system is resistant to poisons. (rPois)
You cover ground very slowly.
You have a slow metabolism.
You can spit poison.
You cannot study or cast Hexes magic.
You cannot study or cast Ice magic.
You cannot study or cast Summoning magic.
Your casting is slightly disrupted.
You can use your snake-like lower body to constrict enemies.
You are sensitive to extremes of temperature. (rF-, rC-)


Message History

The ice dragon bites you but does no damage.
You block the ice dragon's attack. The ice dragon tramples you!
You stumble backwards!
You hit the ice dragon.
The ice dragon is heavily wounded.
You block the ice dragon's attack. x3
You closely miss the ice dragon.
The ice dragon is heavily wounded.
You block the ice dragon's attack. The ice dragon completely misses you.
You block the ice dragon's attack.
You completely miss the ice dragon.
The ice dragon is heavily wounded.
The ice dragon bites you but does no damage.
The ice dragon claws you but does no damage.
You block the ice dragon's attack.
You slash the ice dragon!
The ice dragon is heavily wounded.
The ice dragon breathes frost at you. The blast of cold hits you!!!
You feel a terrible chill!
You die...

,,,,,*,,,,,,,,***..,***##..#####
*,,,****,*,*,,**##D,,* #.......#
,,,,,**,,,,,,,,**hh***##.P.....##
,,,,,,,,,,,,,,,**#h* ##..........
,,,,,,,,,,,,,,,* #†###...........
,,,,,,,,,P,,,,,* ##.##...........
,,,,,,,,,...,,**##.###...........
,,,,,,,,,.....###D####...........
**,,,,**,**,,#..@.###...#......#*
*,,,,***,,*,*#.....#...##.....##*
**,***,*,,,,*#...P#.....##....###
,,,,*,,,,,,,*#...###....##.....#.
,,,,,,,,,,,,,#...#*#......≈≈≈≈..#
,*,,*,,,,,,,*#....*#.....≈≈≈≈≈...
**,,*,*,,,,,*##...,.##..≈≈≈≈≈≈.#.
**,*,**,,,****#....#*#.≈≈≈≈≈≈....
*,,,*,,,,,,,*,,,,..*#P.≈≈≈≈≈.....


You could see an ice dragon (catching breath, corroded).

Vanquished Creatures
  Gastronok (Lair:2)
  2 orc warlords (Orc:2)
  Nessos (Lair:6)
  2 entropy weavers (Lair:5)
  The ghost of Caath the Blocker, a journeyman DrFi of Okawaru (Lair:5)
  Erolcha (Orc:2)
  2 hydras
  A queen ant (Lair:5)
  A catoblepas (Lair:2)
  A dancing weapon (Volcano)
  6 death yaks (Lair:6)
  8 two-headed ogres
  4 orc high priests (Orc:2)
  4 skeletal warriors (D:11)
  An unseen horror (D:10)
  4 orc knights
  Pikel (D:8)
  5 wizards (Volcano)
  A manticore (D:11)
  9 elephants
  3 orc sorcerers (Orc:2)
  2 black mambas
  4 toenail golems (Volcano)
  4 spiny frogs
  9 komodo dragons
  4 trolls
  4 polar bears (Lair:6)
  Grinder (D:5)
  5 dream sheep (Lair:5)
  Prince Ribbit (D:5)
  12 blink frogs
  5 hippogriffs
  2 wyverns (Lair:4)
  3 basilisks (Lair:4)
  2 steam dragons
  49 yaks
  Menkaure (D:3)
  2 hungry ghosts
  26 soldier ants (Lair:5)
  3 wargs (Orc:2)
  7 porcupines
  Duvessa (D:7)
  4 water moccasins
  44 orc warriors
  5 ice beasts
  3 sky beasts
  2 slaves (D:7)
  2 black bears
  12 wolves
  3 phantoms
  9 centaurs
  An eye of draining (D:10)
  18 ogres
  11 crocodiles
  3 big kobolds
  Blork the orc (D:6)
  11 bullfrogs
  Dowan (D:7)
  2 wyvern skeletons
  2 scorpions
  11 killer bees
  A howler monkey (D:6)
  9 electric eels
  5 crimson imps
  4 quasits
  A centaur zombie (D:8)
  8 jellies
  4 centaur skeletons
  28 orc priests
  3 bullfrog skeletons
  6 hounds
  Crazy Yiuf (D:2)
  2 iguanas
  32 orc wizards
  24 worker ants
  2 hound skeletons
  7 gnolls
  12 adders
  4 shadow imps
  2 oozes
  An adder skeleton (D:9)
  5 worms
  3 dart slugs
  4 leopard geckos
  97 orcs
  5 giant cockroaches
  6 goblins
  8 hobgoblins
  13 jackals
  18 kobolds
  2 quokkas
  3 ball pythons
  11 bats
  4 frilled lizards
  A jackal zombie (D:7)
  A leopard gecko skeleton (D:7)
  A quokka skeleton (D:6)
  4 rats
  2 plants
695 creatures vanquished.

Vanquished Creatures (others)
  A toenail golem (Volcano)
  A spiny frog (Lair:1)
  A hippogriff (Lair:6)
  A water moccasin (Lair:3)
  A porcupine (Lair:3)
  A slave (D:8)
  A worker ant (D:8)
  3 fungi
  8 plants
18 creatures vanquished.

Grand Total: 713 creatures vanquished

Notes
Turn   | Place    | Note
-------+----------+-------------------------------------------
     0 | D:1      | hunmd123 the Naga Fighter began the quest for the Orb.
     0 | D:1      | Reached XP level 1. HP: 21/21 MP: 1/1
    18 | D:1      | Reached skill level 1 in Stealth
   103 | D:1      | Reached XP level 2. HP: 21/28 MP: 2/2
  1074 | D:2      | Reached XP level 3. HP: 25/34 MP: 3/3
  1408 | D:2      | Reached XP level 4. HP: 33/44 MP: 4/4
  1930 | D:2      | Found a runed translucent door.
  1931 | D:2      | Noticed Crazy Yiuf
  2148 | D:2      | Killed Crazy Yiuf
  2148 | D:2      | Reached skill level 4 in Fighting
  2507 | D:3      | Reached XP level 5. HP: 31/51 MP: 5/5
  2522 | D:3      | Reached skill level 5 in Fighting
  3165 | D:4      | Reached XP level 6. HP: 62/62 MP: 6/6
  3188 | D:4      | Noticed Menkaure
  3192 | D:4      | Noticed an orc warrior
  3210 | D:3      | Killed Menkaure
  3210 | D:3      | Reached skill level 6 in Fighting
  3526 | D:4      | Found a staircase to the Ecumenical Temple.
  3535 | Temple   | Entered the Ecumenical Temple
  3585 | Temple   | Became a worshipper of Ru the Awakened
  3619 | D:4      | Reached skill level 7 in Fighting
  3619 | D:4      | Reached XP level 7. HP: 66/72 MP: 7/7
  3912 | D:4      | Reached skill level 8 in Fighting
  4547 | D:5      | Entered Level 5 of the Dungeon
  4610 | D:5      | Noticed Grinder
  4627 | D:5      | Paralysed by Grinder for 3 turns
  4635 | D:5      | Killed Grinder
  4635 | D:5      | Reached skill level 9 in Fighting
  4635 | D:5      | Reached XP level 8. HP: 33/85 MP: 8/8
  5065 | D:5      | Found an ornate altar of the Wu Jian Council.
  5288 | D:5      | Noticed Prince Ribbit
  5307 | D:5      | Killed Prince Ribbit
  5307 | D:5      | Reached skill level 10 in Fighting
  5567 | D:5      | Gained mutation: You cannot study or cast Ice magic. [Ru
                  | sacrifice]
  5567 | D:5      | Gained mutation: You cannot study or cast Hexes magic. [Ru
                  | sacrifice]
  5567 | D:5      | Gained mutation: You cannot study or cast Summoning magic.
                  | [Ru sacrifice]
  5567 | D:5      | Reached * piety under Ru
  5928 | D:6      | Noticed Blork the orc
  5942 | D:6      | Killed Blork the orc
  6059 | D:6      | Reached XP level 9. HP: 90/93 MP: 9/9
  6262 | D:6      | Reached skill level 5 in Staves
  6777 | D:7      | Noticed Duvessa
  6777 | D:7      | Noticed Dowan
  6790 | D:7      | Killed Duvessa
  6795 | D:7      | Killed Dowan
  7022 | D:7      | Got a faintly humming chain mail
  7120 | D:8      | Identified the +1 chain mail of Unambiguity {rF+ Regen+
                  | Dex-4} (You found it on level 7 of the Dungeon)
  7282 | D:7      | Found a radiant altar of Vehumet.
  7529 | D:7      | Reached skill level 1 in Short Blades
  7745 | D:8      | Noticed a komodo dragon
  7761 | D:8      | Killed a komodo dragon
  7761 | D:8      | Reached XP level 10. HP: 34/102 MP: 10/10
  8005 | D:8      | Noticed a two-headed ogre
  8017 | D:8      | Killed a two-headed ogre
  8129 | D:8      | Reached skill level 5 in Armour
  8488 | D:8      | Noticed Pikel
  8509 | D:8      | Killed Pikel
  8552 | D:8      | Found a staircase to the Lair.
  8700 | D:8      | Found Wucairoph's Food Shop.
  8980 | D:9      | Reached skill level 5 in Shields
  9253 | D:8      | Reached XP level 11. HP: 83/108 MP: 11/11
  9809 | D:10     | Entered Level 10 of the Dungeon
  9857 | D:10     | Noticed a two-headed ogre
  9878 | D:10     | Killed a two-headed ogre
 10445 | D:10     | Found a staircase to the Orcish Mines.
 10602 | D:10     | Noticed an unseen horror
 10614 | D:10     | Killed an unseen horror
 10797 | D:10     | Noticed a two-headed ogre
 10811 | D:10     | Killed a two-headed ogre
 11166 | D:11     | Noticed a skeletal warrior
 11221 | D:11     | Noticed a two-headed ogre
 11237 | D:10     | Killed a two-headed ogre
 11353 | D:11     | Reached skill level 11 in Fighting
 11511 | D:11     | Reached skill level 1 in Evocations
 11537 | D:11     | Noticed a skeletal warrior
 12029 | D:11     | Reached XP level 12. HP: 112/120 MP: 14/14
 12718 | D:11     | Reached skill level 5 in Evocations
 13914 | Orc:1    | Entered Level 1 of the Orcish Mines
 14314 | Orc:1    | Reached skill level 12 in Fighting
 14315 | Orc:1    | Found a dark tunnel.
 14322 | Volcano  | Entered a volcano
 15241 | Volcano  | Reached skill level 13 in Fighting
 16237 | Orc:1    | Gained mutation: You can use your snake-like lower body to
                  | constrict enemies. [Naga growth]
 16237 | Orc:1    | Reached XP level 13. HP: 122/133 MP: 18/18
 16524 | Orc:1    | Found a roughly hewn altar of Beogh.
 16657 | Orc:2    | Entered Level 2 of the Orcish Mines
 16851 | Orc:2    | Reached skill level 5 in Maces & Flails
 17456 | Orc:2    | Found a staircase to the Elven Halls.
 17586 | Orc:2    | Gained mutation: Your casting is slightly disrupted. [Ru
                  | sacrifice]
 17586 | Orc:2    | Reached ** piety under Ru
 17603 | Orc:2    | Noticed Erolcha
 17621 | Orc:2    | Killed Erolcha
 17844 | Orc:2    | Noticed an orc warlord
 17883 | Orc:2    | Killed an orc warlord
 18061 | Orc:2    | Found Fodim's Book Shoppe.
 18748 | Orc:2    | Found Lest's Antique Weapon Emporium.
 18995 | Orc:2    | Found a roughly hewn altar of Beogh.
 19499 | Orc:2    | Found a roughly hewn altar of Beogh.
 19662 | Orc:2    | Found Vuog's Armour Boutique.
 19683 | Orc:2    | Found Meibath's Weapon Shop.
 19707 | Orc:2    | Bought a scarf of repulsion for 216 gold pieces
 19758 | Orc:2    | Noticed an orc warlord
 19771 | Orc:2    | Killed an orc warlord
 19771 | Orc:2    | Reached skill level 14 in Fighting
 20515 | Orc:2    | Got an ichor-stained flail
 20516 | Orc:2    | Identified the cursed +1 flail "Ucaf" {flame, rF+ MR+
                  | Stlth+} (You found it on level 2 of the Orcish Mines)
 20661 | Lair:1   | Entered Level 1 of the Lair of Beasts
 20710 | Lair:1   | Reached XP level 14. HP: 145/145 MP: 19/19
 21571 | Lair:2   | Noticed Gastronok
 21578 | Lair:2   | Reached skill level 15 in Fighting
 21595 | Lair:2   | Killed Gastronok
 21595 | Lair:2   | Reached skill level 1 in Long Blades
 21913 | Lair:2   | Gained mutation: You are sensitive to extremes of
                  | temperature. (rF-, rC-) [Ru sacrifice]
 21913 | Lair:2   | Reached *** piety under Ru
 21913 | Lair:2   | Reached **** piety under Ru
 23095 | Lair:3   | Found a hole to the Spider Nest.
 23428 | Lair:3   | Reached skill level 5 in Long Blades
 24116 | Lair:4   | Got a polished falchion
 24117 | Lair:4   | Identified the +8 falchion of Defilement {vorpal, rPois
                  | Str+2} (You found it on level 4 of the Lair of Beasts)
 24398 | Lair:4   | Found a staircase to the Swamp.
 25333 | Lair:5   | Gained mutation: You are dopey. (Int -2) [Ru sacrifice]
 25333 | Lair:5   | Reached ***** piety under Ru
 25567 | Lair:5   | Reached skill level 16 in Fighting
 25747 | Lair:5   | Noticed an entropy weaver
 25748 | Lair:5   | Noticed an entropy weaver
 25757 | Lair:5   | Killed an entropy weaver
 25757 | Lair:5   | Reached XP level 15. HP: 157/157 MP: 20/20
 25813 | Lair:5   | Reached skill level 10 in Shields
 26037 | Lair:5   | Noticed Caath's ghost (journeyman DrFi)
 26040 | Lair:5   | Found a runed translucent door.
 26072 | Lair:5   | Killed Caath's ghost
 26249 | Lair:5   | You fall into a shaft and drop 1 floor!
 26249 | Lair:6   | Entered Level 6 of the Lair of Beasts
 26260 | Lair:6   | Found a staircase to the Slime Pits.
 26293 | Lair:6   | Noticed Nessos
 26303 | Lair:6   | Killed Nessos
 26424 | Lair:6   | Found a frozen archway.
 26464 | Lair:6   | Killed from afar by an ice dragon

Illustrated notes

Levels and vault maps discovered:
D:1:      saegor_arrival_simple_a, layout_basic, minmay_misc_feat_x,
          minmay_misc_feat_roman, minmay_misc_feat_tower, minmay_bisected
D:2:      layout_loops_corners, uniq_crazy_yiuf_cottage
D:3:      layout_rooms
D:4:      layout_basic, minmay_temple_entry_drinking_statues, uniq_menkaure
D:5:      layout_loops_ring, first_ration, basic_altar, minmay_manual_mess,
          uniq_prince_ribbit1, uniq_grinder
D:6:      layout_gridville, uniq_blork_the_orc
D:7:      layout_basic, vehumet_crystals, minmay_misc_feat_pillars, uniq_duvessa
D:8:      minmay_flawed_box, layout_loops_ring, david_lair_shrubbed,
          serial_shops, shop, uniq_pikel
D:9:      layout_cross
D:10:     layout_long_grid, david_orc_2
D:11:     layout_rooms
D:12:     layout_roguey, hangedman_fish_farm
Temple:   nicolae_temple_the_god_donut
Lair:1:   beast_lair_carwin_large_2, layout_concentric_octagons,
          wad_woods_road_06
Lair:2:   layout_regular_city, hangedman_lair_unloving_vines,
          infiniplex_staircase_pool_2, uniq_gastronok
Lair:3:   layout_roguey, dummy_spider_entry, nicolae_quartered_pool_medium,
          grunt_megastairs_1, serial_bayou_shore_b
Lair:4:   wander_river, layout_loops_ring, minmay_swamp_entry_eels,
          fungi_pond_lemuel, beast_lair_carwin_3
Lair:5:   layout_cellular_growth, hellmonk_ghost_happy_afterlife, zaba_anthell
Lair:6:   evilmike_catoblepas_cave, layout_regular_city,
          minmay_slime_entry_jelly_boxes,
          portal_ice_cave_entry_animals_and_master, lemuel_centaur_altar,
          infiniplex_staircase_pool, minmay_lair_oklob_chamber, uniq_nessos
Orc:1:    layout_caves, basic_altar, enter_volcano_1
Orc:2:    pubby_orc_utopia, serial_shops, uniq_erolcha

Skill      XL: |  1  2  3  4  5  6  7  8  9 10 11 12 13 14 15 |
---------------+----------------------------------------------+-----
Stealth        | 2 4 |  4.2
Fighting       | 4 5 7 9 10 11 13 14 16 | 16.0
Staves         | 4 6 |  6.0
Shields        | 4 6 9 11 | 11.2
Short Blades   | 4 |  4.5
Armour         | 6 |  6.3
Evocations     | 3 6 |  6.7
Maces & Flails | 3 9 |  9.4
Long Blades    | 7 |  7.4
Axes           | |  2.0

Action                   |  1- 3 |  4- 6 |  7- 9 | 10-12 | 13-15 || total
-------------------------+-------+-------+-------+-------+-------++-------
Melee: War axe           |    51 |     7 |       |       |       ||    58
       Quarterstaff      |       |    62 |   246 |       |       ||   308
       Short sword       |       |       |    64 |   852 |       ||   916
       Mace              |       |       |     1 |   174 |   434 ||   609
       Hand axe          |       |       |       |   136 |    10 ||   146
       Constrict         |       |       |       |       |   250 ||   250
       Flail             |       |       |       |       |    85 ||    85
       Scimitar          |       |       |       |       |   602 ||   602
       Falchion          |       |       |       |       |    69 ||    69
Throw: Dart              |       |     1 |     4 |       |       ||     5
Invok: Sacrifice Arcana  |       |       |     1 |       |       ||     1
       Sacrifice Essence |       |       |       |       |     1 ||     1
       Power Leap        |       |       |       |       |     1 ||     1
       Sacrifice Purity  |       |       |       |       |     1 ||     1
       Sacrifice Resista |       |       |       |       |     1 ||     1
       Apocalypse        |       |       |       |       |     1 ||     1
 Abil: Spit Poison       |    21 |    38 |    45 |   120 |    52 ||   276
Evoke: Wand              |       |       |       |    13 |    13 ||    26
       Phantom mirror    |       |       |       |       |     1 ||     1
  Use: Potion            |       |     3 |     3 |     6 |     4 ||    16
       Scroll            |       |     4 |     3 |     3 |    10 ||    20
 Stab: Paralysed         |       |     1 |     1 |       |       ||     2
       Sleeping          |       |       |       |     2 |       ||     2
       Distracted        |       |       |       |       |     6 ||     6
       Invisible         |       |       |       |       |     6 ||     6
  Eat: Chunk             |     2 |     8 |    14 |    17 |    32 ||    73
       Ration            |       |       |       |     5 |       ||     5
Armor: Scale mail        |    45 |    49 |   132 |       |       ||   226
       Chain mail        |       |       |    72 |    89 |   320 ||   481
       Ring mail         |       |       |       |   284 |    96 ||   380
       Skin              |       |       |       |    34 |       ||    34
Dodge: Dodged            |    24 |    37 |   107 |   221 |   216 ||   605
Block: Buckler           |       |       |     1 |   117 |       ||   118
       Reflection        |       |       |       |    22 |     9 ||    31
       Kite shield       |       |       |       |   712 |   966 ||  1678
       Rpst.: Scimitar   |       |       |       |       |    19 ||    19
